 Dungeon Crawl Stone Soup version 0.21.1-1-g345015fe64 (webtiles) character file.

3640 axelfinisher the Severer (level 9, -6/70 HPs)
             Began as a Minotaur Fighter on Feb 15, 2018.
             Was a Priest of Okawaru.
             Mangled by Prince Ribbit (8 damage)
             ... on level 8 of the Dungeon.
             The game lasted 00:21:21 (5407 turns).

axelfinisher the Severer (Minotaur Fighter)         Turns: 5407, Time: 00:21:22

Health: -6/70      AC: 15    Str: 22    XL:     9   Next: 88%
Magic:  0/8        EV: 10    Int:  7    God:    Okawaru [***...]
Gold:   468        SH:  0    Dex: 10    Spells: 8/8 levels left

rFire    . . .     SeeInvis .   A - +3 battleaxe
rCold    + . .     Gourm    .   (shield currently unavailable)
rNeg     . . .     Faith    .   p - +0 chain mail
rPois    .         Spirit   +   (helmet restricted)
rElec    .         Reflect  .   (no cloak)
rCorr    .         Harm     .   (no gloves)
MR       .....                  (no boots)
Stlth    ..........             s - amulet of guardian spirit
HPRegen  0.21/turn              j - +4 ring of protection
MPRegen  0.11/turn              m - ring of protection from cold

@: heroism, hasted, very quick
A: retaliatory headbutt, horns 2
a: Heroism, Renounce Religion


You were on level 8 of the Dungeon.
You worshipped Okawaru.
Okawaru was most pleased with you.
You were not hungry.

You visited 2 branches of the dungeon, and saw 9 of its levels.

You collected 468 gold pieces.

Inventory:

Hand Weapons
 A - a +3 battleaxe (weapon)
Armour
 c - a +0 shield
 n - +0 steam dragon scales
 p - a +0 chain mail (worn)
Jewellery
 a - an uncursed ring of fire {unknown}
 b - an uncursed ring of see invisible {unknown}
 g - an uncursed ring of magical power {unknown}
 j - a +4 ring of protection (left hand)
 m - a ring of protection from cold (right hand)
 s - an amulet of guardian spirit (around neck)
Wands
 y - a wand of random effects (34)
 C - a wand of iceblast (14)
 F - a wand of flame (7)
Scrolls
 d - a scroll of fear {unknown}
 e - 5 scrolls of identify
 q - a scroll of enchant weapon {unknown}
 r - a scroll of random uselessness {unknown}
 t - 2 scrolls of amnesia {unknown}
 w - 3 scrolls of remove curse
 x - a scroll of immolation {unknown}
 E - a scroll of fog {unknown}
Potions
 h - a potion of magic {unknown}
 i - 2 potions of haste
 k - a potion of mutation {unknown}
 l - a potion of cancellation {unknown}
 o - 4 potions of agility {unknown}
 u - 2 potions of brilliance {unknown}
 z - 2 potions of heal wounds {unknown}
 D - a potion of degeneration {unknown}
 H - a potion of flight {unknown}
Books
 v - a book of Changes

   Spells                             Type                      Level
   a - Beastly Appendage              Transmutation                1
   b - Sticks to Snakes               Transmutation                2
   c - Spider Form                    Transmutation/Poison         3
   d - Ice Form                       Ice/Transmutation            4
   e - Blade Hands                    Transmutation                5
 G - a book of Air

   Spells                             Type                      Level
   a - Shock                          Conjuration/Air              1
   b - Swiftness                      Charms/Air                   2
   c - Static Discharge               Conjuration/Air              3
   d - Airstrike                      Air                          4
   e - Lightning Bolt                 Conjuration/Air              5
Comestibles
 f - 13 rations
 B - 13 chunks of flesh


   Skills:
 - Level 3.6(8.6) Fighting
 + Level 15.9(20.9) Axes
 - Level 3.6(8.6) Armour
 - Level 3.6(8.6) Shields


You had 8 spell levels left.
You didn't know any spells.

Dungeon Overview and Level Annotations

Branches:
Dungeon (8/15)             Temple (1/1) D:4
   Lair: D:8-11

Altars:
Cheibriados
Dithmenos
Elyvilon
Fedhas
Gozag
Hepliaklqana
Makhleb
Okawaru
Uskayaw
Yredelemnul
Zin
The Shining One

Shops:
D:5 %

Annotations:
D:8 Prince Ribbit


Innate Abilities, Weirdness & Mutations

You reflexively headbutt those who attack you in melee.
You have a pair of horns on your head.


Message History

* * * LOW HITPOINT WARNING * * *
Prince Ribbit hits you but does no damage.
You miss Prince Ribbit.
Prince Ribbit is moderately wounded.
You hit the jelly but do no damage.
Your hands burn!
* * * LOW HITPOINT WARNING * * *
Prince Ribbit hits you but does no damage.
The jelly closely misses you.
Your chain mail prevents you from hitting Prince Ribbit.
Prince Ribbit is moderately wounded.
You slash the jelly!
You kill the jelly!
Okawaru accepts your kill. Prince Ribbit hits you!
* * * LOW HITPOINT WARNING * * *
It was a potion of haste.
You feel yourself speed up.
Prince Ribbit hits you but does no damage.
The orc priest closely misses you. You furiously retaliate!
You headbutt the orc priest! Prince Ribbit hits you!
You die...

.. ####### .
.......## .
#.......# #
#.......# # ##
#.....)o#.#
.###############@..#
..(.............F.$#
............####...#
..####..##### #...#
)####.......# ......
).........###
.....## #.........#
....... #......####
......##. ###...##
....#


You could see Prince Ribbit and an orc priest.

Vanquished Creatures
  A troll (D:8)
  Eustachio (D:6)
  A human (D:6)
  A hungry ghost (D:7)
  A steam dragon (D:7)
  2 phantoms
  2 ice beasts (D:6)
  A sky beast (D:7)
  3 ogres
  2 orc warriors (D:6)
  A centaur (D:6)
  3 bullfrogs (D:6)
  A gnoll sergeant (D:5)
  A water moccasin zombie (D:6)
  3 scorpions
  5 killer bees (D:7)
  2 howler monkeys
  2 crimson imps (D:5)
  A bullfrog zombie (D:5)
  A bullfrog skeleton (D:7)
  3 hounds
  A jelly (D:8)
  An orc priest (D:5)
  12 orc wizards
  3 iguanas
  4 worker ants
  2 hound skeletons
  16 gnolls
  8 adders
  An ooze (D:1)
  4 worms
  2 dart slugs (D:2)
  2 leopard geckos
  28 orcs
  4 bats
  5 giant cockroaches
  7 goblins
  6 hobgoblins
  22 jackals
  5 kobolds
  2 quokkas
  7 frilled lizards
  A quokka zombie (D:5)
  10 rats
191 creatures vanquished.

Notes
Turn   | Place    | Note
-------+----------+-------------------------------------------
     0 | D:1      | axelfinisher the Minotaur Fighter began the quest for the Orb.
     0 | D:1      | Reached XP level 1. HP: 19/19 MP: 0/0
    45 | D:1      | Reached skill level 3 in Axes
   111 | D:1      | Reached XP level 2. HP: 26/26 MP: 1/1
   248 | D:1      | Reached skill level 4 in Axes
   583 | D:2      | Reached XP level 3. HP: 31/31 MP: 2/2
   913 | D:2      | Reached skill level 5 in Axes
   923 | D:2      | Reached XP level 4. HP: 39/39 MP: 3/3
   943 | D:2      | Found a glowing golden altar of the Shining One.
  1030 | D:2      | Found a glowing silver altar of Zin.
  1261 | D:3      | Found a blossoming altar of Fedhas.
  1370 | D:3      | Reached skill level 6 in Axes
  1428 | D:3      | Reached XP level 5. HP: 33/45 MP: 1/4
  1523 | D:3      | Found an opulent altar of Gozag.
  1630 | D:4      | Reached skill level 7 in Axes
  1763 | D:4      | Reached XP level 6. HP: 40/51 MP: 3/5
  1841 | D:4      | Reached skill level 8 in Axes
  1961 | D:4      | Found a staircase to the Ecumenical Temple.
  1967 | Temple   | Entered the Ecumenical Temple
  1990 | Temple   | Became a worshipper of Warmaster Okawaru
  2307 | D:5      | Entered Level 5 of the Dungeon
  2347 | D:5      | Reached skill level 9 in Axes
  2380 | D:5      | Reached XP level 7. HP: 52/57 MP: 6/6
  2567 | D:5      | Reached * piety under Okawaru
  2567 | D:5      | Reached skill level 10 in Axes
  2604 | D:5      | Found a snail-covered altar of Cheibriados.
  2636 | D:5      | Found Hoas Ato's Food Boutique.
  2662 | D:5      | Reached skill level 11 in Axes
  2865 | D:5      | Reached XP level 8. HP: 34/64 MP: 7/7
  3096 | D:6      | Noticed Eustachio
  3121 | D:6      | Reached skill level 12 in Axes
  3647 | D:6      | Found a hazy altar of Hepliaklqana.
  3672 | D:6      | Reached ** piety under Okawaru
  3672 | D:6      | Reached skill level 13 in Axes
  3788 | D:6      | Killed Eustachio
  3788 | D:6      | Reached XP level 9. HP: 36/70 MP: 3/8
  4108 | D:6      | Reached skill level 14 in Axes
  4708 | D:7      | Reached *** piety under Okawaru
  4761 | D:7      | Reached skill level 15 in Axes
  5272 | D:8      | Noticed a troll
  5289 | D:8      | Killed a troll
  5396 | D:8      | Noticed Prince Ribbit
  5406 | D:8      | HP: 2/70 [Prince Ribbit (11)]
  5407 | D:8      | Mangled by Prince Ribbit

Skill      XL: |  1  2  3  4  5  6  7  8  9 |
---------------+----------------------------+-----
Axes           | 3 4 5 6 7 9 11 13 15 | 15.9
Fighting       | |  3.6
Armour         | |  3.6
Shields        | |  3.6

Action                   |  1- 3 |  4- 6 |  7- 9 || total
-------------------------+-------+-------+-------++-------
Melee: War axe           |    91 |   118 |   211 ||   420
       Headbutt          |    10 |    18 |    58 ||    86
       Battleaxe         |       |       |   150 ||   150
Invok: Heroism           |       |       |     9 ||     9
  Use: Scroll            |       |     3 |     3 ||     6
       Potion            |       |     1 |     4 ||     5
  Eat: Chunk             |       |     5 |    10 ||    15
       Ration            |       |       |     1 ||     1
Armor: Scale mail        |    32 |    36 |    96 ||   164
       Chain mail        |       |       |   150 ||   150
Dodge: Dodged            |    27 |    27 |   121 ||   175
Block: Shield            |    43 |    59 |   131 ||   233
